cohdb
Replays
Latest Replays
All Replays
Popular Replays
Top Player Replays
Match Explorer
How It Works
Community
CoH3 Stats
Reddit
Sign in to upload your games and track your stats! →
Sign in with Steam
Match 42622199
Unlisted
Match 42622199
Overview
Messages
Build Orders
End
Construct Infanterie Kompanie
Selects Italian Coastal Battlegroup
Selects Coastal Reserves
Coastal Reserve
MG 42 Machine Gun Team
Coastal Reserve
GrW 34 Mortar Team
Selects Artillery Officer
Construct Panzergrenadier Kompanie
Medical Station
251 Medium Carrier
Panzergrenadier Squad
Pak 40 Anti-tank Gun Team
MG 42 Machine Gun Team
Construct Panzer Kompanie
Coastal Reserve
Stoßtruppen Squad
Panzer IV Medium Tank
Selects Obice da 210/22 Artillery Emplacement
Selects Support Bunkers
Panzer IV Medium Tank
WeedIsMySin
Aerohank
ConcernedApe
thicol14
0
0
Comments
sign in to comment!
No comments posted yet!